 Dungeon Crawl Stone Soup version 0.30-a0-371-gad7725a93e (webtiles) character file.

Game seed: 14596683373684131870

47 MachoJfn the Stinger (level 3, 0/26 HPs)
             Began as a Draconian Venom Mage on Nov 21, 2022.
             Succumbed to an adder's poison
             ... on level 2 of the Dungeon.
             The game lasted 00:09:10 (1617 turns).

MachoJfn the Stinger (Draconian Venom Mage)         Turns: 1617, Time: 00:09:10

Health: 0/26       AC:  5    Str: 12    XL:     3   Next: 48%
Magic:  6/6        EV: 12    Int: 15    God:
Gold:   50         SH:  0    Dex: 11    Spells: 3/6 levels left

rFire   . . .      SeeInvis .    d - +0 hand axe
rCold   . . .      Faith    .    (no shield)
rNeg    . . .      Spirit   .    (body armour unavailable)
rPois   .          Reflect  .    (helmet restricted)
rElec   .          Harm     .    (no cloak)
rCorr   .          Rampage  .    (no gloves)
Will    .....                    (no boots)
Stlth   ++........               (no amulet)
HPRegen 0.24/turn                (no ring)
MPRegen 0.10/turn                (no ring)

@: lethally poisoned (0 -> -2), flying
A: AC +5, unfitting armour, cold-blooded
a: no special abilities


You were on level 2 of the Dungeon.
You visited 1 branch of the dungeon, and saw 2 of its levels.

You collected 50 gold pieces.

Inventory:

Hand Weapons
 d - a +0 hand axe (weapon)
Missiles
 b - 5 datura-tipped darts
Scrolls
 c - a scroll of enchant armour {unknown}
 e - 2 scrolls of identify
Potions
 a - a potion of magic
 f - a potion of flight


   Skills:
 + Level 0.1 Fighting
 + Level 1.4 Axes
 + Level 2.2 Dodging
 + Level 2.0 Stealth
 + Level 2.2 Spellcasting
 + Level 1.0 Transmutations
 + Level 3.5 Poison Magic


You had 3 spell levels left.
You knew the following spells:

 Your Spells              Type           Power      Damage    Failure   Level
a - Sting                 Tmut/Pois      32%        1d4       9%          1
b - Poisonous Vapours     Pois/Air       12%        N/A       16%         2

Your spell library contained the following spells:

 Spells                   Type           Power      Damage    Failure   Level
 Mephitic Cloud           Conj/Pois/Air  5%         N/A       38%         3
 Olgreb's Toxic Radiance  Pois           12%        N/A       45%         4


Dungeon Overview and Level Annotations

Branches:
Dungeon (2/15)

Altars:

Shops:
D:2 :


Innate Abilities, Weirdness & Mutations

Your plain brown scales are hard. (AC +5)
You cannot fit into any form of body armour.
You are cold-blooded and may be slowed by cold attacks.


Message History

Found a stone staircase leading up.
Found 5 gold pieces.
Found a stone staircase leading up.
An adder comes into view.
A gnoll comes into view. It is wielding a +0 spear.
You hit the adder.
The adder is moderately wounded.
The adder completely misses you. The adder bites you but does no damage.
The adder bites you.
Found an escape hatch in the floor.
The adder closely misses you. The gnoll hits you but does no damage.
The adder bites you but does no damage. The adder attacks as you move away!
The adder closely misses you. The gnoll closely misses you.
You miss the adder.
The adder is moderately wounded.
You hit the gnoll but do no damage. The adder bites you.
You are poisoned.
The adder poisons you! The gnoll hits you with a +0 spear.
You miss the adder.
The adder is moderately wounded.
You hit the gnoll but do no damage.
You feel sick. The adder barely misses you. The gnoll hits you with a +0 spear.
The adder misses you.
You closely miss the adder.
The adder is moderately wounded.
You hit the gnoll.
You feel sick. The gnoll hits you with a +0 spear.
The adder bites you but does no damage. The gnoll hits you with a +0 spear.
* * * LOW HITPOINT WARNING * * *
You hit the adder.
Your tail-slap misses the adder.
The adder is severely wounded.
You hit the gnoll.
You feel sick. The adder closely misses you. x2
The gnoll hits you with a +0 spear.
* * * LOW HITPOINT WARNING * * *
It was a potion of flight.
You feel very buoyant.
You fly up into the air.
* * * LOW HITPOINT WARNING * * *
You feel sick. The adder bites you but does no damage.
The gnoll barely misses you.
There is a lethal amount of poison in your body!
There is a lethal amount of poison in your body!
You die...

# . .# ###########.#
#........<#.#
######.#<........#
#......#####.S$..#
#....)....##.#@g.#
###............###.#
...†............ ..
###............# ..#
###........... >#
#.#....####. #
#.#....# . #.#....#
#.#...##


You could see a gnoll and an adder.

Vanquished Creatures
  A dart slug (D:2)
  5 endoplasms (D:1)
  2 giant cockroaches
  4 goblins
  3 hobgoblins (D:1)
  7 jackals (D:1)
  A quokka (D:1)
  5 ball pythons (D:1)
  3 bats
  A frilled lizard (D:2)
  4 kobolds
  3 rats (D:1)
39 creatures vanquished.

Notes
Turn   | Place    | Note
-------+----------+-------------------------------------------
     0 | D:1      | MachoJfn the Draconian Venom Mage began the quest for the
                  | Orb.
     0 | D:1      | Reached XP level 1. HP: 14/14 MP: 3/3
   378 | D:1      | Reached XP level 2. HP: 3/20 MP: 5/5
  1045 | D:1      | Reached XP level 3. HP: 24/26 MP: 6/6
  1105 | D:1      | Reached skill level 1 in Axes
  1534 | D:2      | Found Fotemime's Book Emporium.
  1571 | D:2      | Learned a level 2 spell: Poisonous Vapours
  1616 | D:2      | HP: 1/26 [poisoned by an adder]
  1617 | D:2      | Succumbed to an adder's poison

Illustrated notes

Levels and vault maps discovered:
D:1:      dpeg_arrival_connections, layout_loops_cross,
          minmay_misc_feat_diagonals
D:2:      layout_basic, serial_shops, nicolae_diamond_shop,
          uniq_crazy_yiuf_cottage

Skill      XL: |  1  2  3 |
---------------+----------+-----
Dodging        | 2 |  2.2
Axes           | 1 |  1.4
Stealth        | 2 |  2.0
Fighting       | |  0.1
Spellcasting   | |  2.2
Transmutations | |  1.0
Poison Magic   | |  3.5

Action                   || total
-------------------------++-------
Melee: Hand axe          ||   123
       Tailslap          ||    17
       Unarmed           ||     1
 Cast: Sting             ||     3
  Use: Potion            ||     3
       Scroll            ||     2
 Stab: Sleeping          ||     3
Armor: Skin              ||    59
Dodge: Dodged            ||   102

Table legend: (Time is in decaauts)
 A = Elapsed time spent in this place.
 B = Non-inter-level travel time spent in this place.
 C = Inter-level travel time spent in this place.
 D = Time resting spent in this place.
 E = Time spent auto-exploring this place.
 F = Levels seen in this place.
 G = Mean time per level.
                   A        B        C        D        E       F      G
               +--------+--------+--------+--------+--------+-----+--------+
         Total |   1657 |   1369 |    288 |    616 |    419 |   2 |  828.5 |
       Dungeon |   1657 |   1369 |    288 |    616 |    419 |   2 |  828.5 |
               +--------+--------+--------+--------+--------+-----+--------+

Top non-repeatable levels by time:
     D:1: 1419 daAuts
     D:2: 238 daAuts
